 Dungeon Crawl Stone Soup version 0.30-b1-2-g02819fbbbe (webtiles) character file.

Game seed: 12497906177938899205

1656 snakesoul the Magician (level 8, -2/45 HPs)
             Began as a Deep Elf Fire Elementalist on June 12, 2023.
             Was a Believer of Vehumet.
             Slain by a manticore (13 damage)
             ... on level 7 of the Dungeon.
             The game lasted 00:17:31 (7809 turns).

snakesoul the Magician (Deep Elf Fire Elementalist) Turns: 7809, Time: 00:17:32

Health: -2/45      AC:  3    Str: 11    XL:     8   Next: 68%
Magic:  8/21       EV: 19    Int: 23    God:    Vehumet [**....]
Gold:   301        SH:  0    Dex: 15    Spells: 5/21 levels left

rFire   . . .        d - +0 flail (venom)
rCold   . . .        (no shield)
rNeg    . . .        a - +0 robe
rPois   .            s - +0 helmet
rElec   .            (no cloak)
rCorr   .            (no gloves)
SInv    .            (no boots)
Will    .....        (no amulet)
Stlth   ++           c - +5 ring of evasion
HPRegen 0.27/turn    l - +6 ring of strength
MPRegen 0.17/turn

%: no passive effects
@: no status effects
A: no striking features
a: Renounce Religion


You were on level 7 of the Dungeon.
You worshipped Vehumet.
Vehumet was pleased with you.
You visited 2 branches of the dungeon, and saw 8 of its levels.
You also visited: Sewer.

You collected 301 gold pieces.

Inventory:

Hand Weapons
 d - a +0 flail of venom (weapon)
Armour
 a - a +0 robe (worn)
 s - a +0 helmet (worn)
 x - a +0 leather armour of poison resistance
Jewellery
 c - a +5 ring of evasion (left hand)
 l - a +6 ring of strength (right hand)
 u - a ring of ice
 E - a ring of see invisible
Wands
 n - a wand of roots (12)
Scrolls
 e - a scroll of vulnerability {unknown}
 f - 2 scrolls of blinking {unknown}
 g - 5 scrolls of amnesia {unknown}
 i - 2 scrolls of immolation {unknown}
 k - 5 scrolls of teleportation {unknown}
 m - 2 scrolls of enchant weapon {unknown}
 o - 2 scrolls of fog {unknown}
 r - 6 scrolls of identify {unknown}
 v - 2 scrolls of brand weapon {unknown}
 y - 4 scrolls of noise {unknown}
 B - 2 scrolls of poison {unknown}
Potions
 b - a potion of magic
 h - 3 potions of heal wounds {unknown}
 j - 3 potions of degeneration {unknown}
 p - a potion of lignification {unknown}
 q - a potion of curing {unknown}
 t - 3 potions of haste {unknown}
 w - 3 potions of might {unknown}
 z - a potion of flight {unknown}
 A - a potion of brilliance {unknown}
 C - a potion of invisibility {unknown}
 D - a potion of cancellation {unknown}


   Skills:
 + Level 2.3 Fighting
 + Level 4.6 Dodging
 - Level 2.4 Stealth
 + Level 7.3 Spellcasting
 + Level 6.2 Conjurations
 - Level 2.8 Translocations
 + Level 7.1 Fire Magic


You had 5 spell levels left.
You knew the following spells:

 Your Spells              Type           Power      Damage    Failure   Level
a - Foxfire               Conj/Fire      100%       2x1d9     1%          1
b - Scorch                Fire           82%        2d8       1%          2
c - Inner Flame           Hex/Fire       24%        N/A       5%          3
d - Blink                 Tloc           42%        N/A       3%          2
e - Flame Wave            Conj/Fire      39%        2d11      4%          4
f - Volatile Blastmotes   Fire/Tloc      62%        2d15      2%          3
g - Freeze                Ice            32%        1d5       8%          1

Your spell library contained the following spells:

 Spells                   Type           Power      Damage    Failure   Level
 Kiss of Death            Conj/Necr      88%        2d12      1%          1
 Summon Small Mammal      Summ           32%        N/A       8%          1
 Ensorcelled Hibernation  Hex/Ice        16%        N/A       11%         2
 Summon Guardian Golem    Hex/Summ       8%         N/A       22%         3
 Manifold Assault         Tloc           21%        N/A       22%         4
 Irradiate                Conj/Tmut      11%        3d15      50%         5
 Animate Armour           Summ/Erth      16%        N/A       58%         4
 Summon Lightning Spire   Summ/Air       8%         N/A       58%         4
 Summon Forest            Summ/Tloc      7%         N/A       75%         5
 Blade Hands              Tmut           4%         N/A       90%         5
 Iron Shot                Conj/Erth      11%        9d3       97%         6
 Eringya's Noxious Bog    Tmut/Pois      4%         N/A       100%        6
 Dragon Form              Tmut           4%         N/A       100%        7
 Spellforged Servitor     Conj/Summ      11%        N/A       100%        7
 Storm Form               Tmut/Air       4%         N/A       100%        7
 Summon Hydra             Summ           4%         N/A       100%        7


Dungeon Overview and Level Annotations

Branches:
Dungeon (7/15)             Temple (1/1) D:5           Sewer (visited)

Altars:
Ashenzari
Cheibriados
Dithmenos
Elyvilon
Hepliaklqana
Kikubaaqudgha
Makhleb
Ru
Trog
Uskayaw
Vehumet
Wu Jian
Xom
Zin
The Shining One

Shops:
D:4 [

Annotations:
D:1 1 transporter
D:4 2 transporters, baljet's ghost, amateur FeSu
D:6 1 runed translucent door, Crazy Yiuf


Message History

Press: ? - help, Dir - look around, f - activate A wave of flame ripples out!
The flame wave engulfs your foxfire.
Your foxfire completely resists.
The flame wave engulfs your foxfire.
Your foxfire completely resists. (Press . to intensify the flame waves.)
The foxfire hits the manticore but does no damage.
The manticore is moderately wounded.
The foxfire hits the manticore!
The manticore is moderately wounded.
A wave of flame ripples out!
The flame wave engulfs the sleepcap.
The sleepcap is lightly damaged.
The flame wave engulfs the manticore!
The manticore is heavily wounded.
A wave of flame ripples out!
The flame wave engulfs the manticore.
The manticore is heavily wounded.
The flame wave engulfs the sleepcap!
The sleepcap is heavily damaged.
You finish channelling waves of flame.
The manticore closely misses you. The manticore misses you.
The manticore claws you! The sleepcap closely misses you.
You carefully extract the barbed spikes from your body.
The manticore misses you. The manticore claws you. The manticore claws you!
* * * LOW HITPOINT WARNING * * *
The sleepcap barely misses you.
Okay, then.
Okay, then.
Casting: Flame Wave (dangerous; 4% risk of failure)
Confirm with . or Enter, or press ? or * to list all spells.
Casting: Flame Wave (dangerous; 4% risk of failure)
Press: ? - help, Dir - look around, f - activate A wave of flame ripples out!
The flame wave engulfs the manticore!
The manticore is almost dead.
The flame wave engulfs the sleepcap!!
You destroy the sleepcap!
Vehumet accepts your kill.
You feel your power returning. (Press . to intensify the flame waves.)
The manticore bites you!
You die...

#############
#...........#
#...........#
#########...........#
#.......'.......)...#
#.#######.....@.....#
###.#######.....H....(#
..........+...........+
....#######..........(#
##### #...........#
#............#
#............#
#####........#


You could see a manticore.

Vanquished Creatures
  A wyvern (D:5)
  An orc warrior (D:6)
  A black bear (D:5)
  2 ogres
  A kobold brigand (Sewer)
  A scorpion (D:7)
  4 wights
  A howler monkey (D:7)
  An orc priest (D:6)
  2 jellies (D:6)
  A gnoll bouda (D:6)
  4 hounds
  A sleepcap (D:7)
  Ijyb (D:3)
  4 iguanas
  10 gnolls
  A river rat (Sewer)
  16 adders
  2 shadow imps
  A white imp (D:6)
  An ufetubus (D:5)
  5 worms
  3 dart slugs
  9 orcs
  6 endoplasms
  2 giant cockroaches
  10 goblins
  4 hobgoblins
  2 jackals (D:3)
  7 quokkas
  6 ball pythons
  7 bats
  2 frilled lizards (D:1)
  A goblin skeleton (D:3)
  4 goblin zombies (D:3)
  A hobgoblin zombie (D:3)
  16 kobolds
  3 orc skeletons (D:3)
  3 orc zombies (D:3)
  11 rats
159 creatures vanquished.

Vanquished Creatures (others)
  400 foxfires
  17 fungi (D:6)
417 creatures vanquished.

Grand Total: 576 creatures vanquished

Notes
Turn   | Place    | Note
-------+----------+-------------------------------------------
     0 | D:1      | snakesoul the Deep Elf Fire Elementalist began the quest
                  | for the Orb.
     0 | D:1      | Reached XP level 1. HP: 10/10 MP: 6/6
   247 | D:1      | Reached XP level 2. HP: 15/15 MP: 2/8
   250 | D:1      | Learned a level 2 spell: Scorch
  1159 | D:2      | Reached XP level 3. HP: 19/19 MP: 5/9
  1163 | D:2      | Learned a level 3 spell: Inner Flame
  2194 | D:3      | Reached XP level 4. HP: 24/24 MP: 9/11
  2259 | D:3      | Noticed Ijyb
  2264 | D:3      | Killed Ijyb
  2582 | D:3      | Found a glowing golden altar of the Shining One.
  3204 | D:4      | Reached XP level 5. HP: 28/28 MP: 10/13
  3228 | D:4      | Learned a level 2 spell: Blink
  3233 | D:4      | Learned a level 4 spell: Flame Wave
  3233 | D:4      | Noticed an animated gold dragon scales
  3242 | D:4      | Found Quuj's Armour Boutique.
  3242 | D:4      | Noticed an animated shadow dragon scales
  3509 | D:4      | Noticed an ogre
  3515 | D:4      | Killed an ogre
  3516 | D:4      | Reached skill level 5 in Fire Magic
  3796 | D:4      | Found a transporter.
  3798 | D:4      | Found a transporter.
  3799 | D:4      | Identified the +2 great mace of Broken Luck {spect, rC+}
  3799 | D:4      | Noticed an ogre
  3799 | D:4      | Noticed baljet's ghost (amateur FeSu)
  3801 | D:4      | Noticed an ogre
  3823 | D:4      | Reached XP level 6. HP: 32/32 MP: 8/15
  3963 | D:4      | Found an ancient bone altar of Kikubaaqudgha.
  3985 | D:4      | Reached skill level 1 in Translocations
  4102 | D:4      | Found a bloodstained altar of Trog.
  4164 | D:5      | Entered Level 5 of the Dungeon
  4177 | D:5      | Reached skill level 5 in Spellcasting
  4293 | D:5      | Learned a level 3 spell: Volatile Blastmotes
  4497 | D:5      | Reached XP level 7. HP: 36/36 MP: 14/17
  4574 | D:5      | Found a staircase to the Ecumenical Temple.
  4581 | Temple   | Entered the Ecumenical Temple
  4606 | Temple   | Became a worshipper of Vehumet
  4997 | D:5      | Noticed a wyvern
  5003 | D:5      | Killed a wyvern
  5004 | D:5      | Reached skill level 5 in Conjurations
  5248 | D:6      | Found a glowing drain.
  5262 | Sewer    | Entered a sewer
  5800 | Sewer    | Reached * piety under Vehumet
  5800 | Sewer    | Offered knowledge of Freeze by Vehumet.
  5803 | Sewer    | Learned a level 1 spell: Freeze
  6239 | D:6      | Reached skill level 1 in Fighting
  6715 | D:6      | Reached XP level 8. HP: 43/43 MP: 16/19
  7274 | D:6      | Found a runed translucent door.
  7275 | D:6      | Noticed Crazy Yiuf
  7578 | D:6      | Offered knowledge of Kiss of Death by Vehumet.
  7745 | D:7      | Reached ** piety under Vehumet
  7764 | D:7      | Got Nuow's Papyrus of Chilled Bringing Forth
  7799 | D:7      | Noticed a manticore
  7809 | D:7      | Slain by a manticore

Illustrated notes

Levels and vault maps discovered:
D:1:      spicycebolla_arrival_risky_transporter, layout_basic
D:2:      layout_basic, serial_corexii_hall, corexii_hall_statues_x,
          chequers_hall_statues_wall_a, corexii_hall_statues_i, minivault_5,
          grunt_ministairs_2
D:3:      layout_rooms, nicolae_tso_besieged_by_evil,
          minmay_fractal_squares_gapless_5, uniq_ijyb
D:4:      layout_basic, mainiacjoe_overflow_two_lobes, gammafunk_ghost_smash,
          serial_shops, nicolae_shop_mannequins
D:5:      layout_rooms, minmay_temple_entry_junction_2, kennysheep_dice
D:6:      layout_loops_corners, cheibrodos_sewer_entry_bend, serial_aquarium,
          aquarium_bridge_square [aquarium_subvault_bridge,
          aquarium_subvault_window, aquarium_subvault_bridge,
          aquarium_subvault_bridge], aquarium_bridge_straight
          [aquarium_subvault_bridge, aquarium_subvault_window,
          aquarium_subvault_bridge, aquarium_subvault_wall],
          aquarium_window_fake, aquarium_window_1, aquarium_window_fake,
          aquarium_window_corridor_1, aquarium_view_2d,
          aquarium_balcony_double_2, aquarium_pool_2, uniq_crazy_yiuf_cottage
D:7:      layout_basic, feat_on_display
Temple:   nicolae_temple_bog_church

Skill      XL: |  1  2  3  4  5  6  7  8 |
---------------+-------------------------+-----
Conjurations   | 2 3 4 5 6 |  6.2
Fire Magic     | 4 5 6 7 |  7.1
Spellcasting   | 4 5 6 7 |  7.3
Translocations | 2 |  2.8
Dodging        | 3 4 |  4.6
Fighting       | 1 2 |  2.3
Stealth        | |  2.4

Action                     |  1- 3 |  4- 6 |  7- 9 || total
---------------------------+-------+-------+-------++-------
  Melee: Unarmed           |     1 |       |       ||     1
         Short sword       |    14 |   109 |       ||   123
         Dagger            |       |     2 |       ||     2
         Flail             |       |       |    11 ||    11
   Cast: Foxfire           |    80 |    82 |    98 ||   260
         Scorch            |    10 |    33 |    37 ||    80
         Blink             |       |     1 |       ||     1
         Volatile Blastmot |       |       |     5 ||     5
         Inner Flame       |       |       |     2 ||     2
         Flame Wave        |       |       |     2 ||     2
 Armour: Robe              |     3 |    17 |     2 ||    22
         Leather armour    |       |    10 |     5 ||    15
  Dodge: Dodged            |    11 |    91 |    34 ||   136
